 Dungeon Crawl Stone Soup version 0.31-a0-435-g2c6fae2916 (webtiles) character file.

Game seed: 5528577392009249025

18 drugrobin the Sneak (level 2, -4/25 HPs)
             Began as a Demigod Delver on Aug 2, 2023.
             Slain by a sky beast (5 damage)
             ... on level 4 of the Dungeon.
             The game lasted 00:04:28 (695 turns).

drugrobin the Sneak (Demigod Delver)                 Turns: 695, Time: 00:04:30

Health: -4/25      AC:  9    Str: 13    XL:     2   Next: 33%
Magic:  4/4        EV:  6    Int: 12    God:
Gold:   13         SH:  0    Dex: 15    Spells: 1/1 levels left

rFire   . . .        a - +0 hand axe
rCold   . . .        (no shield)
rNeg    . . .        h - +0 chain mail
rPois   .            (no helmet)
rElec   .            (no cloak)
rCorr   .            e - +0 pair of gloves
SInv    .            (no boots)
Will    .....        (no amulet) Stlth
                     (no ring)
HPRegen 0.24/turn    (no ring)
MPRegen 0.09/turn

%: no passive effects
@: hasted, very quick
A: high MP 1, forlorn, divine attributes
a: no special abilities


You were on level 4 of the Dungeon.
You visited 1 branch of the dungeon, and saw 4 of its levels.
You also visited: Ossuary.

You collected 13 gold pieces.

Inventory:

Hand Weapons
 a - a +0 hand axe (weapon)
Armour
 b - a +0 leather armour
 e - a +0 pair of gloves (worn)
 h - a +0 chain mail (worn)
Wands
 g - a wand of digging (8)
 j - a wand of polymorph (3)
Scrolls
 c - a scroll of fog
 d - a scroll of revelation


   Skills:
 - Level 2.6 Fighting
 + Level 2.9 Axes
 - Level 1.7 Dodging
 - Level 4.5 Stealth


You had one spell level left.
You didn't know any spells.
Your spell library was empty.

Dungeon Overview and Level Annotations

Branches:
Dungeon (5/15)             Temple (0/1) D:5         Ossuary (visited)

Annotations:
D:2 Terence
D:5 exclusions: scorpion and water moccasin


Innate Abilities, Weirdness & Mutations

You have an increased reservoir of magic. (+10% MP)
You shall have no god before yourself.
Your divine heritage dramatically boosts your attributes as you level up.


Message History

Unknown command.
Unknown command.
Unknown command.
There is a gate leading back out of this place here.
Unknown command.
Unknown command.
You barely miss the mummy.
The mummy is heavily damaged.
You barely miss the mummy. The mummy hits you!
Unknown command.
Unknown command.
The mummy barely misses you.
The orc shouts!
The quokka bites you but does no damage.
The sky beast hits you but does no damage.
There is a collapsed entrance here.
Unknown command.
Unknown command.
Okay, then.
It was a potion of heal wounds.
You feel much better.
The quokka bites you but does no damage.
The sky beast hits you but does no damage.
The mummy barely misses you.
You feel yourself speed up. The quokka bites you. The sky beast hits you.
The sky beast shocks you. The mummy hits you. The quokka closely misses you.
The mummy hits you but does no damage.
Unknown command.
Unknown command.
You closely miss the quokka. You hit the sky beast. You hit the mummy. x2
The sky beast hits you but does no damage.
The quokka bites you but does no damage.
Unknown command.
Unknown command.
You barely miss the quokka. You hit the mummy but do no damage.
You hit the sky beast. You barely miss the mummy. The mummy hits you!
* * * LOW HITPOINT WARNING * * *
The sky beast hits you.
* * * LOW HITPOINT WARNING * * *
The sky beast shocks you.
You die...

......#.##
..^.......######
...............
...........#...
............o. #+#
........)##... #.#
.##.......##!###r###
.##........#.'oM@M.+
...........#.###Y###
.........#.....#.#
........##.....#+#
........#..#.......
........##.##....##
.........#.# .$...#
...$....##.#........
.#...##..>.........#


You could see a sky beast, 2 mummies, an orc and a quokka.

Vanquished Creatures
  A dart slug (D:3)
  2 goblins (D:3)
  2 hobgoblins
  4 jackals (D:3)
  A quokka (D:5)
  A frilled lizard (D:3)
  3 rats (D:3)
14 creatures vanquished.

Notes
Turn   | Place    | Note
-------+----------+-------------------------------------------
     0 | D:5      | drugrobin the Demigod Delver began the quest for the Orb.
     0 | D:5      | Reached XP level 1. HP: 18/18 MP: 3/3
    40 | D:5      | Noticed a water moccasin
    73 | D:5      | Noticed a scorpion
   154 | D:5      | Found a staircase to the Ecumenical Temple.
   160 | D:5      | Noticed an ogre
   187 | D:5      | Noticed a sleepcap
   200 | D:4      | Noticed a sky beast
   353 | D:3      | Reached XP level 2. HP: 19/25 MP: 4/4
   454 | D:2      | Noticed Terence
   649 | D:4      | Found a sand-covered staircase.
   655 | Ossuary  | Entered an ossuary
   695 | D:4      | HP: 1/25 [sky beast (2)]
   695 | D:4      | Slain by a sky beast

Illustrated notes

Levels and vault maps discovered:
D:2:      layout_loops_ring, serial_shops, nicolae_shop_behind_doors,
          minmay_tree_intersection, wad_floor_pattern_1, hex_large,
          chequers_serial_rivers_room_a, uniq_terence
D:3:      layout_basic, lemuel_tele_altar, nicolae_twisty_statue_hallways
D:4:      layout_cave_pools, nicolae_ossuary_entry_plus
D:5:      layout_cave_pools, evilmike_ruin_ashenzari,
          chequers_temple_overflow_minitemple, minmay_temple_entry_junction

Skill      XL: |  1 |
---------------+----+-----
Axes           | 2 |  2.9
Fighting       | |  2.6
Dodging        | |  1.7
Stealth        | |  4.5

Action                     || total
---------------------------++-------
  Melee: Hand axe          ||    56
  Evoke: Wand              ||     1
    Use: Scroll            ||     2
         Potion            ||     2
   Stab: Sleeping          ||     3
 Armour: Leather armour    ||    26
         Chain mail        ||     9
  Dodge: Dodged            ||    51

Table legend: (Time is in decaauts)
 A = Elapsed time spent in this place.
 B = Non-inter-level travel time spent in this place.
 C = Inter-level travel time spent in this place.
 D = Time resting spent in this place.
 E = Time spent auto-exploring this place.
 F = Levels seen in this place.
 G = Mean time per level.
                   A        B        C        D        E       F      G
               +--------+--------+--------+--------+--------+-----+--------+
         Total |    704 |    657 |     47 |      7 |    168 |   5 |  140.8 |
       Dungeon |    667 |    620 |     47 |      0 |    168 |   4 |  166.8 |
       Ossuary |     37 |     37 |      0 |      7 |      0 |   1 |   37.0 |
               +--------+--------+--------+--------+--------+-----+--------+

Top non-repeatable levels by time:
     D:3: 321 daAuts
     D:5: 197 daAuts
     D:2: 79 daAuts
     D:4: 69 daAuts
 Ossuary: 37 daAuts
